 Dungeon Crawl Stone Soup version 0.29.1-15-g9cfb28693d (webtiles) character file.

Game seed: 14945533256271903057

46 Lolow the Firebug (level 3, -5/24 HPs)
             Began as a Human Fire Elementalist on May 16, 2023.
             Killed by an exploding rat (29 damage)
             ... ignited by their inner flame
             ... on level 2 of the Dungeon.
             The game lasted 00:13:42 (2079 turns).

Lolow the Firebug (Human Fire Elementalist)         Turns: 2079, Time: 00:13:43

Health: -5/24      AC:  3    Str:  8    XL:     3   Next: 92%
Magic:  2/6        EV: 12    Int: 17    God:
Gold:   20         SH:  0    Dex: 13    Spells: 3/7 levels left

rFire   . . .      SeeInvis .   k - +0 dagger
rCold   . . .      Faith    .   (no shield)
rNeg    . . .      Spirit   .   a - +0 robe
rPois   .          Reflect  .   (no helmet)
rElec   .          Harm     .   (no cloak)
rCorr   .          Rampage  .   (no gloves)
Will    .....                   e - +0 pair of boots
Stlth   ++........              (no amulet)
HPRegen 0.08/turn               (no ring)
MPRegen 0.10/turn               (no ring)

@: very slightly contaminated
A: no striking features
a: no special abilities


You were on level 2 of the Dungeon.
You visited 1 branch of the dungeon, and saw 2 of its levels.

You collected 20 gold pieces.

Inventory:

Hand Weapons
 d - a +1 whip
 k - a +0 dagger (weapon)
Armour
 a - a +0 robe (worn)
 e - a +0 pair of boots (worn)
Scrolls
 b - a scroll of fear {unknown}
 c - 2 scrolls of immolation {unknown}
 f - a scroll of enchant weapon
 h - a scroll of teleportation {unknown}
 j - a scroll of identify {unknown}
Potions
 g - a potion of invisibility {unknown}
 i - a potion of lignification {unknown}


   Skills:
 + Level 2.3 Dodging
 + Level 2.1 Stealth
 + Level 0.4 Unarmed Combat
 + Level 2.6 Spellcasting
 + Level 1.0 Conjurations
 + Level 3.6 Fire Magic


You had 3 spell levels left.
You knew the following spells:

 Your Spells              Type           Power      Damage    Failure   Level
a - Foxfire               Conj/Fire      40%        2x1d6     7%          1
b - Inner Flame           Hex/Fire       8%         N/A       26%         3

Your spell library contained the following spells:

 Spells                   Type           Power      Damage    Failure   Level
 Scorch                   Fire           28%        2d6       6%          2
 Beastly Appendage        Tmut           4%         N/A       19%         1
 Conjure Flame            Conj/Fire      10%        6-21      21%         3
 Wereblood                Tmut           2%         N/A       28%         2
 Spider Form              Tmut/Pois      2%         N/A       50%         3
 Flame Wave               Conj/Fire      10%        2d6       56%         4


Dungeon Overview and Level Annotations

Branches:
Dungeon (2/15)

Altars:

Annotations:
D:2 Robin


Message History

You hit the quokka.
You kill the quokka!
Your magical contamination has completely faded away.
Your foxfire dissipates!
Magic restored.
b - a scroll labelled HUMOCA GOICVAH You see here a +0 dagger.
k - a +0 dagger
k - a +0 dagger (weapon)
A bat comes into view.
A bat is nearby!
Something hits the bush.
Something hits the bush but does no damage.
Something hits the bush but does no damage. x3
Something hits the bush but does no damage. x3
A rat comes into view.
Casting: Foxfire (safe; 7% risk of failure)
Confirm with . or Enter, or press ? or * to list all spells.
You miscast Foxfire.
You are very lightly contaminated with residual magic.
Nothing appears to happen.
Casting: Foxfire (safe; 7% risk of failure)
Confirm with . or Enter, or press ? or * to list all spells.
The spell is extremely dangerous to miscast (26% risk of failure)!
Continue anyway?
Okay, then.
Casting: Inner Flame (extremely dangerous; 26% risk of failure)
Confirm with . or Enter, or press ? or * to list all spells.
The spell is extremely dangerous to miscast (26% risk of failure)!
Continue anyway?
Aiming: Inner Flame (extremely dangerous; 26% risk of failure)
Press: ? - help, Dir - move target, f - rat
Aim: a rat (chance to affect: 72%)
The rat is filled with an inner flame.
The rat attacks as you move away! The rat closely misses you.
The bat hits you but does no damage.
The rat twitches its whiskers.
You hit the rat.
The rat explodes!
The fiery explosion engulfs you!!
Ouch! That really hurt!
You die...

#.# #.# #..# #.##
#.# #.###..# #.#
#.####..##..# #.#
#...........# #.#
#..P.♣.P....# #.#
#...♣♣♣P♣.#.###.##
#.§P.♣.♣♣...##...#
#.§.P...♣.........
#@§b....♣P..##...#
#........♣♣......##
#........♣...####..
.............# #.#
###.....##..... #.#
##....#####.# .#
#.#.. .## .####


You could see a bat.

Vanquished Creatures
  An adder (D:2)
  3 dart slugs
  3 bats (D:2)
  4 endoplasms
  5 goblins
  4 hobgoblins
  2 kobolds (D:1)
  2 quokkas
  2 frilled lizards
  3 rats
29 creatures vanquished.

Vanquished Creatures (others)
  48 foxfires
  14 plants (D:2)
62 creatures vanquished.

Grand Total: 91 creatures vanquished

Notes
Turn   | Place    | Note
-------+----------+-------------------------------------------
     0 | D:1      | Lolow the Human Fire Elementalist began the quest for the
                  | Orb.
     0 | D:1      | Reached XP level 1. HP: 13/13 MP: 3/3
   115 | D:1      | Reached XP level 2. HP: 19/19 MP: 1/5
  1104 | D:2      | Reached XP level 3. HP: 21/24 MP: 3/6
  1104 | D:2      | Noticed Robin
  1658 | D:2      | Learned a level 3 spell: Inner Flame
  2079 | D:2      | Killed by an exploding rat... ignited by their inner flame

Illustrated notes

Levels and vault maps discovered:
D:1:      dpeg_arrival_three_same_balls, layout_basic, minmay_misc_feat_roman
D:2:      layout_loops_ring, serial_forest, infiniplex_forest_diagonal,
          infiniplex_forest_end_2, infiniplex_forest_clump_diagonal,
          infiniplex_forest_end_2, infiniplex_forest_clump_curved,
          infiniplex_forest_lined_room_3, infiniplex_forest_clump_small,
          minmay_misc_feat_encased, uniq_robin

Action                   || total
-------------------------++-------
Melee: Unarmed           ||     5
       Whip              ||    34
       Dagger            ||     1
 Cast: Foxfire           ||    31
       Inner Flame       ||     1
  Use: Scroll            ||     1
       Potion            ||     2
 Stab: Sleeping          ||     2
Armor: Robe              ||    12
Dodge: Dodged            ||    37
